 Dungeon Crawl Stone Soup version 0.25.0-15-gac7dcb8919 (webtiles) character file.

Game seed: 1663897603676958999

5263 Doot the Thaumaturge (level 10, -34/53 HPs)
             Began as a Deep Elf Wizard on June 28, 2020.
             Was a Priest of Sif Muna.
             Hit by a large rock thrown by a cyclops (37 damage)
             ... on level 12 of the Dungeon on June 29, 2020.
             The game lasted 00:38:24 (14108 turns).

Doot the Thaumaturge (Deep Elf Wizard)             Turns: 14108, Time: 00:38:25

Health: -34/53     AC:  5    Str:  4    XL:     10   Next: 36%
Magic:  22/38      EV: 14    Int: 27    God:    Sif Muna [***...]
Gold:   212        SH:  0    Dex: 13    Spells: 22/35 levels left

rFire    . . .     SeeInvis .   y - +1 dagger (speed)
rCold    + . .     Gourm    .   (no shield)
rNeg     + . .     Faith    .   F - +0 steam dragon scales
rPois    .         Spirit   .   b - +0 hat
rElec    .         Reflect  .   (no cloak)
rCorr    .         Harm     .   (no gloves)
MR       +....                  (no boots)
Stlth    +++.......             (no amulet)
HPRegen  0.17/turn              A - ring of positive energy
MPRegen  0.26/turn              I - ring "Beni" {+Fly rC+ MP+9}

@: no status effects
A: no striking features
a: Channel Magic, Forget Spell, Renounce Religion, Evoke Flight


You were on level 12 of the Dungeon.
You worshipped Sif Muna.
Sif Muna was most pleased with you.
You were very hungry.

You visited 2 branches of the dungeon, and saw 13 of its levels.

You collected 753 gold pieces.
You spent 541 gold pieces at shops.

Inventory:

Hand Weapons
 y - a +1 dagger of speed (weapon)
Missiles
 g - 36 poisoned darts (quivered)
Armour
 a - a +0 robe
 b - a +0 hat (worn)
 v - +0 storm dragon scales
 F - +0 steam dragon scales (worn)
Jewellery
 A - a ring of positive energy (left hand)
 G - an uncursed ring of resist corrosion
 I - the ring "Beni" (right hand) {+Fly rC+ MP+9}
   (You bought it in a shop on level 9 of the Dungeon)

   [ring of magical power]

   It protects you from cold.
   It affects your magic capacity (+9).
   It lets you fly.
Wands
 k - a wand of digging (3)
 l - a wand of disintegration (11)
 C - a wand of iceblast (7)
 E - a wand of paralysis (4)
 J - a wand of polymorph (9)
 K - a wand of flame (15)
 N - a wand of random effects (21)
Scrolls
 e - a scroll of immolation
 f - 2 scrolls of fog
 h - a scroll of random uselessness
 o - 5 scrolls of teleportation
 q - 2 scrolls of magic mapping
 r - 3 scrolls of fear
 t - a scroll of brand weapon {unknown}
 u - a scroll of noise {unknown}
 w - 2 scrolls of enchant weapon {unknown}
 z - 3 scrolls of blinking
 B - 2 scrolls of remove curse
 D - a scroll of enchant armour {unknown}
 H - a scroll of amnesia {unknown}
Potions
 c - 2 potions of mutation
 j - 2 potions of magic
 m - a potion of degeneration {unknown}
 n - 3 potions of heal wounds
 p - 2 potions of haste
 s - 5 potions of curing
 x - 2 potions of brilliance
 L - a potion of flight {unknown}
 M - a potion of stabbing
Comestibles
 d - 25 rations


   Skills:
 + Level 2.1 Fighting
 + Level 1.0 Short Blades
 + Level 2.8 Throwing
 + Level 4.1 Dodging
 + Level 5.8 Stealth
 + Level 13.2 Spellcasting
 + Level 7.3 Conjurations
 + Level 2.1 Hexes
 + Level 4.0 Summonings
 + Level 3.6 Translocations
 + Level 2.9 Fire Magic
 + Level 2.3 Air Magic
 + Level 2.3 Poison Magic


You had 22 spell levels left.
You knew the following spells:

 Your Spells              Type           Power        Failure   Level  Hunger
a - Magic Dart            Conj           ####         1%          1    None
b - Blink                 Tloc           N/A          1%          2    None
c - Call Imp              Summ           #####...     1%          2    None
d - Mephitic Cloud        Conj/Pois/Air  #####...     1%          3    None
e - Conjure Flame         Conj/Fire      #####...     1%          3    None
f - Slow                  Hex            ####....     1%          2    None

Your spell library contained the following spells:

 Spells                   Type           Power        Failure   Level  Hunger


Dungeon Overview and Level Annotations

Branches:
Dungeon (12/15)            Temple (1/1) D:5
   Lair: D:8-11         Orc: D:9-12

Altars:
Ashenzari
Cheibriados
Dithmenos
Elyvilon
Fedhas
Gozag
Hepliaklqana
Kikubaaqudgha
Makhleb
Nemelex Xobeh
Okawaru
Qazlal
Ru
Sif Muna
Trog
Uskayaw
Vehumet
Wu Jian
Xom
Yredelemnul
Zin
The Shining One

Shops:
D:9 !*=?*   D:10 :


Message History

You strike the helpless deep elf mage from behind!
You puncture the deep elf mage!
You kill the deep elf mage!
Sif Muna accepts your kill.
The battlesphere dissipates.
Your Short Blades skill increases to level 1!
The skeletal warrior hits you from afar with a +0 trident.
The skeletal warrior hits you but does no damage.
You see here a +2 long sword of flaming.
Casting: Magic Dart (safe; 1% risk of failure)
Confirm with . or Enter, or press ? or * to list all spells.
You blink.
The skeletal warrior hits you from afar with a +0 trident!!
* * * LOW HITPOINT WARNING * * *
The skeletal warrior hits you from afar with a +0 trident!
* * * LOW HITPOINT WARNING * * *
A water moccasin comes into view.
The cyclops throws a large rock.
The large rock hits you!!!
Ouch! That really hurt!
You die...

## .## ##).# #####...#
#.§z...#
#################.#####.
................z........
##....###....@###........
##.....##.........##......
#.......##........# ......
.........#........#.......
.........<.#......>.......
................../.......
.....................#
....................CS
.....................


You could see a skeletal warrior, a cyclops and a water moccasin (wandering).

Vanquished Creatures
  A deep elf mage (D:12)
  Joseph (D:10)
  A centaur skeleton (D:10)
  A hippogriff (D:10)
  A yak (D:10)
  A wyvern (D:10)
  2 hungry ghosts
  An orc warrior (D:10)
  A sky beast (D:2)
  2 ice beasts
  2 ogres
  A necrophage (D:9)
  4 centaurs
  A crocodile (D:9)
  5 bullfrogs
  2 scorpions
  8 killer bees
  A crimson imp (D:7)
  2 bullfrog zombies
  A centaur zombie (D:7)
  2 orc priests (D:8)
  5 hounds
  2 jellies
  2 quasits
  3 bullfrog skeletons
  5 iguanas
  Ijyb (D:3)
  Terence (D:2)
  4 orc wizards
  3 worker ants
  2 hound skeletons
  A worker ant zombie (D:10)
  19 adders
  A gnoll (D:1)
  2 shadow imps
  2 oozes
  3 adder skeletons
  4 worms (D:2)
  4 dart slugs
  7 leopard geckos
  19 orcs
  8 bats
  3 giant cockroaches
  4 goblins
  4 hobgoblins
  15 jackals
  3 kobolds
  A quokka (D:6)
  2 ball pythons
  5 frilled lizards
  2 quokka skeletons
  18 rats
196 creatures vanquished.

Vanquished Creatures (collateral kills)
  Maggie (D:7)
  A hungry ghost (D:9)
  A phantom (D:8)
  A centaur (D:4)
  4 crimson imps
  An adder zombie (D:5)
  A worm (D:4)
  3 leopard geckos
  An orc (D:5)
14 creatures vanquished.

Vanquished Creatures (others)
  4 toadstools (D:3)
4 creatures vanquished.

Grand Total: 214 creatures vanquished

Notes
Turn   | Place    | Note
-------+----------+-------------------------------------------
     0 | D:1      | Doot the Deep Elf Wizard began the quest for the Orb.
     0 | D:1      | Reached XP level 1. HP: 10/10 MP: 7/7
   144 | D:1      | Reached XP level 2. HP: 9/15 MP: 1/9
   172 | D:1      | Learned a level 2 spell: Blink
   175 | D:1      | Learned a level 2 spell: Call Imp
   327 | D:1      | Reached skill level 5 in Spellcasting
   802 | D:2      | Noticed Terence
   941 | D:2      | Killed Terence
   941 | D:2      | Reached XP level 3. HP: 10/19 MP: 2/12
  1108 | D:2      | Learned a level 3 spell: Mephitic Cloud
  1551 | D:3      | Noticed Ijyb
  1574 | D:3      | Killed Ijyb
  1574 | D:3      | Reached skill level 6 in Spellcasting
  1574 | D:3      | Reached XP level 4. HP: 24/24 MP: 0/14
  2107 | D:4      | Noticed a centaur
  2119 | D:4      | Killed a centaur
  2119 | D:4      | Reached XP level 5. HP: 22/28 MP: 4/16
  2124 | D:4      | Learned a level 3 spell: Conjure Flame
  2240 | D:4      | Reached skill level 7 in Spellcasting
  3007 | D:4      | Learned a level 2 spell: Slow
  3183 | D:4      | Noticed an ogre
  3229 | D:4      | Killed an ogre
  3229 | D:4      | Reached XP level 6. HP: 32/32 MP: 7/18
  3807 | D:5      | Entered Level 5 of the Dungeon
  3821 | D:5      | Reached skill level 8 in Spellcasting
  4044 | D:5      | Reached skill level 1 in Throwing
  4464 | D:5      | Found a staircase to the Ecumenical Temple.
  4470 | Temple   | Entered the Ecumenical Temple
  4567 | Temple   | Became a worshipper of Sif Muna the Loreminder
  4703 | D:2      | Noticed a sky beast
  5571 | D:2      | Reached * piety under Sif Muna
  5787 | D:2      | Reached XP level 7. HP: 36/36 MP: 16/20
  7137 | D:5      | Reached skill level 9 in Spellcasting
  7257 | D:5      | Reached skill level 1 in Hexes
  7549 | D:6      | Found a glowing golden altar of the Shining One.
  7664 | D:6      | Reached skill level 1 in Fire Magic
  7664 | D:6      | Reached skill level 1 in Air Magic
  7986 | D:6      | Reached XP level 8. HP: 21/42 MP: 15/23
  8253 | D:6      | Reached skill level 1 in Poison Magic
  8838 | D:7      | Noticed Maggie
  8858 | D:7      | Reached skill level 10 in Spellcasting
  8976 | D:7      | Killed Maggie
  8976 | D:7      | Reached ** piety under Sif Muna
  8976 | D:7      | Reached skill level 1 in Fighting
  8976 | D:7      | Reached skill level 5 in Conjurations
  9444 | D:7      | Reached skill level 5 in Stealth
 10112 | D:8      | Reached XP level 9. HP: 47/47 MP: 9/25
 10422 | D:8      | Reached skill level 11 in Spellcasting
 11273 | D:9      | Found Unlealui's Jewellery Emporium.
 11299 | D:9      | Bought the ring "Beni" {+Fly rC+ MP+9} for 505 gold pieces
 11357 | D:9      | Found Cigg's General Store.
 11360 | D:9      | Bought a scroll of teleportation for 36 gold pieces
 11475 | D:9      | Found Xaps's Magic Scroll Emporium.
 11694 | D:9      | Found Hyovvu's Assorted Antiques.
 12222 | D:9      | Reached *** piety under Sif Muna
 12222 | D:9      | Reached skill level 12 in Spellcasting
 12563 | D:9      | Found Wauheiw's Distillery.
 12608 | D:10     | Entered Level 10 of the Dungeon
 12727 | D:10     | Noticed Joseph
 12803 | D:10     | Killed Joseph
 12803 | D:10     | Reached XP level 10. HP: 31/53 MP: 8/28
 12829 | D:10     | Found Inwoemm's Book Shoppe.
 13516 | D:10     | HP: 2/53 [something (6)]
 13844 | D:10     | Reached skill level 13 in Spellcasting
 14063 | D:12     | Noticed a cyclops
 14074 | D:12     | Noticed a deep elf mage
 14092 | D:12     | Noticed a skeletal warrior
 14100 | D:12     | Killed a deep elf mage
 14100 | D:12     | Reached skill level 1 in Short Blades
 14104 | D:12     | HP: 2/53 [skeletal warrior/+0 trident (8)]
 14108 | D:12     | Hit by a large rock thrown by a cyclops

Illustrated notes

Levels and vault maps discovered:
D:1:      lightli_arrival_quake, layout_basic, serial_forest,
          infiniplex_forest_straight_2, infiniplex_forest_end_2,
          infiniplex_forest_end_1, infiniplex_forest_clump_cross,
          infiniplex_forest_zigzag_2, infiniplex_forest_lined_4_way,
          infiniplex_forest_straight_2, minmay_misc_feat_rows,
          serial_bayou_lagoon_a
D:2:      layout_basic, minmay_rat_gold_closets, uniq_terence
D:3:      layout_basic, minmay_gold_behind_fungi, uniq_ijyb
D:4:      minmay_evil_eye, layout_gridville
D:5:      layout_gridville, minmay_temple_entry_gardened_gates, first_ration
D:6:      layout_basic, tso_metal_star, minivault_27
D:7:      layout_gridville, uniq_maggie
D:8:      layout_basic
D:9:      layout_roguey, serial_shops, shop_fountains, shop, shop, shop, shop
D:10:     layout_rooms, serial_shops, nicolae_shop_waterfront, serial_glass,
          glass_columns_a, glass_columns_a, glass_columns_a, glass_columns_a,
          glass_columns_b, glass_columns_c, glass_columns_b, glass_columns_a,
          glass_columns_b, glass_columns_c, glass_columns_a, glass_columns_a,
          glass_columns_b, glass_columns_c, uniq_joseph
D:11:     layout_rooms, david_lair_shrubbed, gammafunk_ghost_hydra_chop,
          hangedman_ranch [blue_anna_fruit_fields]
D:12:     minmay_the_grid_3x2 [minmay_the_grid_zigzag_pyramid,
          minmay_the_grid_expand, minmay_the_grid_pillar_ring,
          minmay_the_grid_small_cups, minmay_the_grid_fan,
          minmay_the_grid_prize_inner_circle], layout_cave_pools,
          minmay_microvault
Temple:   kilobyte_greek_temple

Skill      XL: |  1  2  3  4  5  6  7  8  9 10 |
---------------+-------------------------------+-----
Spellcasting   | 5 6 7 8 9 10 12 13 | 13.2
Dodging        | 3 4 |  4.1
Stealth        | 3 5 |  5.8
Conjurations   | 3 4 5 6 7 |  7.3
Throwing       | 1 2 |  2.8
Translocations | 2 3 |  3.6
Hexes          | 2 |  2.1
Fire Magic     | 1 2 |  2.9
Air Magic      | 1 2 |  2.3
Poison Magic   | 1 2 |  2.3
Fighting       | 1 2 |  2.1
Summonings     | 2 4 |  4.0
Short Blades   | 1 |  1.0

Action                   |  1- 3 |  4- 6 |  7- 9 | 10-12 || total
-------------------------+-------+-------+-------+-------++-------
Melee: Unarmed           |       |     1 |     1 |       ||     2
       Dagger            |       |       |    36 |    47 ||    83
Throw: Dart              |    15 |    18 |    26 |       ||    59
 Cast: Magic Dart        |    82 |   174 |   325 |    54 ||   635
       Blink             |     4 |     2 |    16 |     6 ||    28
       Call Imp          |     3 |     7 |    24 |     1 ||    35
       Mephitic Cloud    |     1 |     4 |    34 |    14 ||    53
       Conjure Flame     |       |     5 |    41 |    15 ||    61
       Slow              |       |     2 |     6 |       ||     8
  Use: Scroll            |       |     5 |    10 |     1 ||    16
       Potion            |       |       |       |     1 ||     1
 Stab: Confused          |       |       |     3 |     6 ||     9
       Sleeping          |       |       |     3 |       ||     3
  Eat: Chunk             |     2 |     9 |    16 |     3 ||    30
       Ration            |       |     1 |     2 |       ||     3
Armor: Robe              |     2 |    10 |     3 |       ||    15
       Steam dragon scal |       |       |    22 |     8 ||    30
Dodge: Dodged            |    15 |    23 |   112 |    35 ||   185
